 Dungeon Crawl Stone Soup version 0.25-a0-842-g81a31cfd23 (webtiles) character file.

Game seed: 50943954268317453, levelgen mode: deterministic

30 KiliKikkendorf the Slasher (level 3, -15/30 HPs)
             Began as a Minotaur Gladiator on Apr 25, 2020.
             Demolished by an ogre
             ... wielding a +0 giant spiked club
              (23 damage)
             ... on level 2 of the Dungeon.
             The game lasted 00:02:23 (718 turns).

KiliKikkendorf the Slasher (Minotaur Gladiator)      Turns: 718, Time: 00:02:23

Health: -15/30     AC:  6    Str: 19    XL:     3   Next: 3%
Magic:  2/2        EV: 12    Int:  5    God:
Gold:   19         SH:  0    Dex: 11    Spells: 2/2 levels left

rFire    . . .     SeeInvis .   a - +0 long sword
rCold    . . .     Gourm    .   (no shield)
rNeg     . . .     Faith    .   k - +0 ring mail
rPois    .         Spirit   .   c - +1 hat
rElec    .         Reflect  .   (no cloak)
rCorr    .         Harm     .   (no gloves)
MR       .....                  (no boots)
Stlth    +.........             (no amulet)
HPRegen  0.10/turn              (no ring)
MPRegen  0.08/turn              (no ring)

@: no status effects
A: retaliatory headbutt, horns 2
a: no special abilities


You were on level 2 of the Dungeon.
You were not hungry.

You visited 1 branch of the dungeon, and saw 2 of its levels.

You collected 19 gold pieces.

Inventory:

Hand Weapons
 a - a +0 long sword (weapon)
Missiles
 d - 3 throwing nets (quivered)
Armour
 c - a +1 hat (worn)
 k - a +0 ring mail (worn)
Scrolls
 e - a scroll of immolation
Potions
 h - a potion of might {unknown}
 i - a potion of resistance {unknown}
 j - a potion of heal wounds {unknown}
Comestibles
 f - 2 rations


   Skills:
 + Level 2.9 Fighting
 + Level 4.6 Long Blades
 - Level 2.0 Throwing
 - Level 3.4 Dodging
 * Level 0.4 Unarmed Combat


You had 2 spell levels left.
You didn't know any spells.
Your spell library was empty.

Dungeon Overview and Level Annotations

Branches:
Dungeon (2/15)

Altars:


Innate Abilities, Weirdness & Mutations

You reflexively headbutt those who attack you in melee.
You have a pair of horns on your head.


Message History

An ogre comes into view. It is wielding a +0 giant spiked club.
The ogre shouts!
The ogre moves out of view.
You see here a scroll labeled GASACKISAQ.
b - a scroll labeled GASACKISAQ
As you read the scroll labeled GASACKISAQ, it crumbles to dust.
It is a scroll of enchant armour.
Your +0 hat glows green for a moment.
It was a potion of cancellation.
You feel magically purged.
You hit the ogre but do no damage. You headbutt the ogre.
The ogre is lightly wounded.
The ogre hits you with a +0 giant spiked club!!
Ouch! That really hurt!
* * * LOW HITPOINT WARNING * * *
You hit the ogre.
The ogre is moderately wounded.
A giant cockroach comes into view.
The ogre hits you with a +0 giant spiked club!!
Ouch! That really hurt!
You die...

#.......# #... .... #..
... #.. ... #.# #.# #.#
#.# ###s####O#####
#.......@..?.#
#########†#.............
..........######.#####.#
########### #.# #.# #..
###


You could see an ogre and a giant cockroach (wandering).

Vanquished Creatures
  A dart slug (D:1)
  2 leopard geckos
  7 bats (D:1)
  A giant cockroach (D:1)
  4 goblins (D:1)
  2 hobgoblins (D:1)
  2 frilled lizards
  A kobold (D:1)
  5 rats (D:1)
25 creatures vanquished.

Notes
Turn   | Place    | Note
-------+----------+-------------------------------------------
     0 | D:1      | KiliKikkendorf the Minotaur Gladiator began the quest for
                  | the Orb.
     0 | D:1      | Reached XP level 1. HP: 18/18 MP: 0/0
    54 | D:1      | Reached skill level 4 in Long Blades
    83 | D:1      | Reached XP level 2. HP: 21/25 MP: 1/1
   705 | D:2      | Reached XP level 3. HP: 30/30 MP: 2/2
   712 | D:2      | Noticed an ogre
   718 | D:2      | Demolished by an ogre

Levels and vault maps discovered:
D:1:      roderic_dead_forest, layout_loops_cross
D:2:      layout_loops_ring, uniq_jessica, uniq_terence

Skill      XL: |  1 |
---------------+----+-----
Long Blades    | 4 |  4.6
Fighting       | |  2.9
Throwing       | |  2.0
Dodging        | |  3.4
Unarmed Combat | |  0.4

Action                   || total
-------------------------++-------
Melee: Long sword        ||    47
       Headbutt          ||     5
  Use: Scroll            ||     2
       Potion            ||     1
Armor: Leather armour    ||    17
       Ring mail         ||     3
Dodge: Dodged            ||    36
       Rpst.: Long sword ||    11

Table legend:
 A = Non-vault XP
 B = Vault XP
 C = Vault XP percentage of total XP
 D = Non-vault monster count
 E = Vault monster count
 F = Vault count percentage of total count
                 A         B        C        D         E       F
            +---------+---------+-------+---------+---------+-------
      Total |      43 |       0 |   0.0 |      25 |       0 |   0.0
            +---------+---------+-------+---------+---------+-------
        D:1 |      39 |       0 |   0.0 |      23 |       0 |   0.0
        D:2 |       4 |       0 |   0.0 |       2 |       0 |   0.0
            +---------+---------+-------+---------+---------+-------
